Unix NetHack Version 5.0.0-0 post-release - last build May  4 2026 22:22:43 (774f63e81ad911689b3a0859ea89b322d5daca8d,branch:main).

Game began 2026-05-05 10:05:45, ended 2026-05-05 10:28:46.

01246791210, neutral male human Barbarian

                                           ---------
                                           -.....<.-
                                         |....----.)
                                   -------....
                                   G@d......--
                                   ---------

01246791210 the Pillager   St:18/02 Dx:17 Co:17 In:7 Wi:6 Ch:7  Neutral
Dlvl:5  $:19 HP:0(51) Pw:9(9) AC:7  Xp:4 T:3080 

Latest messages:
 You see here a gnome corpse.
 You see here a gnome corpse.
 You see here a gnome corpse.
 You see here a gnome corpse.
 You see here a gnome corpse.
 You see here a gnome corpse.
 You see here a gnome corpse.
 You see here a gnome corpse.
 You see here a gnome corpse.
 You see here a gnome corpse.
 You see here a gnome corpse.
 You see here a gnome corpse.
 You see here a gnome corpse.
 You see here a gnome corpse.
 You see here a gnome corpse.
 You see here a gnome corpse.
 You see here a gnome corpse.
 You see here a gnome corpse.
 You see here a gnome corpse.
 You see here a gnome corpse.
 You see here a gnome corpse.
 You see here a gnome corpse.
 You see here a gnome corpse.
 You see here a gnome corpse.
 You are carrying too much to get through.
 You descend the stairs.
 Bear bites!
 Bear bites!
 You hear a chugging sound.
 Bear bites!
 Bear bites!
 You hear rumbling in the distance.
 The gnome hits!
 You hear rumbling in the distance.
 You kill the gnome!
 You hear crashing rock.
 Bear bites!
 Bear bites!
 You hear rumbling in the distance.
 Bear bites!
 The gnome king hits!
 You smite the gnome king!
 Bear bites!
 The gnome king hits!
 You die...
 Do you want your possessions identified? [ynq] (y) n
 Do you want to see your attributes? [ynq] (y) n
 Do you want an account of creatures vanquished? [ynaq] (y) n
 Do you want to see your conduct and achievements? [ynq] (y) n
 Do you want to see the dungeon overview? [ynq] (y) n

Inventory:
 Coins    ('$')
  $ - 19 gold pieces
 Weapons  (')')
  k - 12 +0 arrows
  t - 6 +1 crossbow bolts
  o - a cursed +0 elven dagger
  b - a +0 axe (alternate weapon; not wielded)
  a - a +0 two-handed sword (weapon in hands)
 Armor    ('[')
  h - an uncursed +0 alchemy smock with text "Kiss the cook"
  c - an uncursed +0 ring mail (being worn)
 Scrolls  ('?')
  q - a blessed scroll of enchant weapon
 Potions  ('!')
  i - an uncursed potion of restore ability
 Rings    ('=')
  r - an uncursed ring of fire resistance
 Tools    ('(')
  f - an uncursed locked large box containing 2 items
  u - a horn of plenty (0:18)
  e - an uncursed oil lamp
  p - an uncursed towel
 Gems/Stones  ('*')
  s - an uncursed worthless piece of violet glass
  m - 2 uncursed worthless pieces of white glass

Contents of the large box:
  an uncursed scroll of charging
  an uncursed scroll of confuse monster

01246791210 the Barbarian's attributes:

Background:
 You were a Pillager, a level 4 male human Barbarian.
 You were neutral, nominally on a mission for Crom
 who was opposed by Mitra (lawful) and Set (chaotic).
 You were right-handed.
 You were in the Gnomish Mines, on level 5.
 You entered the dungeon 3080 turns ago.
 You had 128 experience points, 32 more were needed to attain level 5.

Basics:
 You had 0 out of 51 hit points.
 You had all 9 energy points (spell power).
 Your armor class was 7.
 Your wallet contained 19 zorkmids.
 Autopickup was off.

Final Characteristics:
 Your strength was 18/02 (limit:18/100).
 Your dexterity was 17 (limit:18).
 Your constitution was 17 (limit:18).
 Your intelligence was 7 (limit:18).
 Your wisdom was 6 (peak:7, limit:18).
 Your charisma was 7 (limit:18).

Final Status:
 You weren't hungry.
 You were unencumbered.
 You were wielding a two-handed sword.
 You had basic skill with two-handed sword.

Final Attributes:
 You were piously aligned.
 You were poison resistant.
 You were warded.
 You are dead.

Miscellaneous:
 You encountered 1 bones level.
 Total elapsed playing time was 22 minutes and 43 seconds.

Major events:
 Turn
    1: 01246791210 the neutral male human Barbarian entered the dungeon
 1668: attained the rank of Pillager (level 3)
 2713: entered the Gnomish Mines
 3080: killed by a gnome king

You didn't know any spells.

Skills:
 Fighting Skills
   bare handed combat [Basic]
   two weapon combat  [Unskilled]
   riding             [Unskilled]
 Weapon Skills
   dagger             [Unskilled]
   axe                [Basic]
   pick-axe           [Unskilled]
   short sword        [Unskilled]
   broadsword         [Unskilled]
   long sword         [Unskilled]
   two-handed sword   [Basic]
   saber              [Unskilled]
   club               [Unskilled]
   mace               [Unskilled]
   morning star       [Unskilled]
   flail              [Unskilled]
   hammer             [Unskilled]
   quarterstaff       [Unskilled]
   spear              [Unskilled]
   trident            [Unskilled]
   bow                [Unskilled]
 Spellcasting Skills
   attack spells      [Unskilled]
   escape spells      [Unskilled]

Voluntary challenges:
 Character rerolling was not enabled.
 You followed a strict vegan diet.
 You were an atheist.
 You were illiterate.
 You never genocided any monsters.
 You never polymorphed an object.
 You never changed form.
 You used no wishes.
Achievements:
 You entered a shop.
 You attained the rank of Pillager.
 You entered the Gnomish Mines.

 The Dungeons of Doom: levels 1 to 3
    Level 1:
       Some fountains.
    Level 2:
       An armor shop.
    Level 3:
       A fountain.
       Stairs down to The Gnomish Mines.
 The Gnomish Mines: levels 4 to 5
    Level 4:
    Level 5: <- You were here.
       A grave.
       Final resting place for
          you, killed by a gnome king,
          Sathar-Hea-Hum-Mal-Neu, killed by a dwarf.


Vanquished creatures:
  a kitten
  a dwarf
  a kobold leader
 an iguana
  a hobbit
  2 manes
  2 cave spiders
  a brown mold
  a yellow mold
  8 gnomes
  4 jackals
  a fox
  5 sewer rats
  2 grid bugs
  3 bats
  7 lichens
  6 newts
47 creatures vanquished.

No species were genocided or became extinct.

Game over:
                       ----------
                      /          \
                     /    REST    \
                    /      IN      \
                   /     PEACE      \
                  /                  \
                  |   01246791210    |
                  |      19 Au       |
                  |   killed by a    |
                  |    gnome king    |
                  |                  |
                  |                  |
                  |       2026       |
                 *|     *  *  *      | *
        _________)/\\_//(\/(/\)/\//\/|_)_______

Goodbye 01246791210 the Barbarian...

You died in The Gnomish Mines on dungeon level 5 with 730 points,
and 19 pieces of gold, after 3080 moves.
You were level 4 with a maximum of 51 hit points when you died.

